 Dungeon Crawl Stone Soup version 0.18-a0-1361-g9293dd1 (webtiles) character file.

36913 Kidiri the Thaumaturge (level 13, -7/72 HPs)
             Began as a Deep Elf Conjurer on Feb 20, 2016.
             Was an Elder of Vehumet.
             Mangled by Rupert
             ... wielding a +3 executioner's axe of venom
              (8 damage)
             ... on level 6 of the Lair of Beasts.
             The game lasted 01:32:36 (24302 turns).

Kidiri the Thaumaturge (Deep Elf Conjurer)         Turns: 24302, Time: 01:32:37

Health: -7/72      AC: 15    Str:  5    XL:     13   Next: 55%
Magic:  20/39      EV: 17    Int: 26    God:    Vehumet [****..]
Gold:   1042       SH:  0    Dex: 15    Spells: 11 memorised, 3 levels left

rFire  . . .     SeeInvis .     J - +4 short sword (drain)
rCold  . . .     Gourm    .     D - +3 leather armour of Listlessness {+Blink rCorr}
rNeg   . . .     Faith    .     (no shield)
rPois  +         Spirit   .     o - +2 helmet
rElec  .         Dismiss  .     (no cloak)
rCorr  +         Reflect  .     B - +1 pair of gloves
SustAt .         Harm     .     k - +1 pair of boots
MR     ++...                    n - amulet of rage
Stlth  +++++.....               d - ring of wizardry
                                z - ring of magical power

@: lethally poisoned (-7 -> -19), very slightly contaminated, hasted, very
quick, very resistant to hostile enchantments, quite stealthy
A: deterioration 1, magic resistance 1, mutation resistance 1, poison
resistance, shaggy fur 1
a: Renounce Religion, Evoke Blink, Evoke Berserk Rage


You were on level 6 of the Lair of Beasts.
You worshipped Vehumet.
Vehumet was greatly pleased with you.
You were not hungry.

You visited 3 branches of the dungeon, and saw 16 of its levels.
You also visited: Bailey.

You collected 1042 gold pieces.

Inventory:

Hand Weapons
 J - a +4 short sword of draining (weapon)
Armour
 c - the +18 shield of the gong {rElec rN+ MR+ EV-5}
   (You found it in a bailey)

   It affects your evasion (-5).
   It insulates you from electricity.
   It protects you from negative energy.
   It affects your resistance to hostile enchantments.
 k - a +1 pair of boots (worn)
 o - a +2 helmet (worn)
 B - a +1 pair of gloves (worn)
 D - the +3 leather armour of Listlessness (worn) {+Blink rCorr}
   (You found it on level 5 of the Dungeon)

   It lets you blink.
   It protects you from acid and corrosion.
Magical Staves
 s - an uncursed staff of conjuration
Jewellery
 d - a ring of wizardry (right hand)
 n - an amulet of rage (around neck)
 z - a ring of magical power (left hand)
 M - an uncursed ring of flight
 U - an uncursed ring of positive energy
Wands
 i - a wand of paralysis (9/24)
 v - a wand of random effects (18/48)
 F - a wand of paralysis (13/24)
 G - a wand of iceblast (0/15)
 N - a wand of paralysis (16/24)
 P - a wand of slowing (8/48)
 Q - a wand of slowing (22/48)
 V - a wand of random effects (21/48)
Scrolls
 g - 3 scrolls of fog
 h - 2 scrolls of teleportation
 p - a scroll of magic mapping
 y - 5 scrolls of remove curse
 A - 4 scrolls of recharging
 R - a scroll of noise
 T - a scroll of blinking {unknown}
Potions
 a - 4 potions of flight
 e - a potion of cancellation
 f - a potion of resistance
 j - 2 potions of brilliance
 l - 2 potions of agility
 r - 2 potions of might
 C - a potion of invisibility
 E - 2 potions of berserk rage
 H - 3 potions of lignification
Books
 L - a book of Power

   Spells                             Type                      Level
   a - Fulminant Prism                Conjuration/Hexes            4
   b - Iskenderun's Mystic Blast      Conjuration                  4
   c - Venom Bolt                     Conjuration/Poison           5
   d - Bolt of Magma                  Conjuration/Fire/Earth       5
   e - Iron Shot                      Conjuration/Earth            6
   f - Orb of Destruction             Conjuration                  7
   g - Spellforged Servitor           Conjuration/Summoning        7
Comestibles
 t - a royal jelly
 O - 2 slices of pizza


   Skills:
 + Level 4.8 Fighting
 + Level 4.8 Short Blades
 + Level 4.9 Armour
 * Level 10.0 Dodging
 + Level 10.5 Stealth
 + Level 5.1 Shields
 * Level 11.6 Spellcasting
 * Level 9.3 Conjurations
 + Level 7.2 Hexes
 + Level 7.3 Charms
 + Level 4.2 Transmutations
 + Level 4.5 Fire Magic
 + Level 3.8 Ice Magic
 + Level 5.1 Earth Magic
 + Level 4.3 Poison Magic
 + Level 5.2 Evocations


You had 3 spell levels left.
You knew the following spells:

 Your Spells              Type           Power        Failure   Level  Hunger
a - Magic Dart            Conj           ####         1%          1    None
b - Searing Ray           Conj           ######       1%          2    None
c - Dazzling Spray        Conj/Hex       ######..     1%          3    None
d - Iskenderun's Mystic   Conj           ######..     1%          4    None
e - Fulminant Prism       Conj/Hex       ######....   1%          4    None
f - Iskenderun's Battles  Conj/Chrm      ######..     1%          5    ###....
g - Sandblast             Erth           #####.       1%          1    None
h - Sting                 Conj/Pois      ####         1%          1    None
i - Ignite Poison         Fire/Trmt/Pois #####...     1%          3    None
j - Olgreb's Toxic Radia  Pois           #####...     1%          4    None
k - Throw Icicle          Conj/Ice       #####...     1%          4    None


Dungeon Overview and Level Annotations

Branches:
Dungeon (8/15)             Temple (1/1) D:4            Lair (7/8) D:8
  Swamp (0/4) Lair:6        Snake (0/4) Lair:3
  Slime: Lair:6-8

Altars:
Ashenzari
Cheibriados
Dithmenos
Elyvilon
Fedhas
Gozag
Kikubaaqudgha
Makhleb
Nemelex Xobeh
Okawaru
Pakellas
Qazlal
Ru
Sif Muna
Trog
Vehumet
Xom
Yredelemnul
Zin
The Shining One

Shops:
D:6 %}(

Annotations:
Lair:3 exclusion: oklob plant
Lair:6 Rupert
Lair:7 Snorg


Innate Abilities, Weirdness & Mutations

Your body sometimes deteriorates upon taking damage.
You are resistant to hostile enchantments.
You are somewhat resistant to further mutation.
Your system is resistant to poisons.
You are covered in fur (AC +1).


Message History

* * * LOW HITPOINT WARNING * * *
You feel sick.
Drink which item? (? for menu, Esc to quit)
Okay, then.
Unknown command.
Unknown command.
Evoke which item? (* to show all) (? for menu, Esc to quit)
Zapping:
F - a wand of paralysis {zapped: 2} (will waste charges)
Press: ? - help, Shift-Dir - straight line, f/p - Rupert
Aim: Rupert, wielding an executioner's axe of venom and wearing a runed scale mail (almost dead, berserk, fast, unusually strong, chance to defeat MR: 4%) Rupert resists with almost no effort.
Evoking this partially-identified wand wasted a few charges.
* * * LOW HITPOINT WARNING * * *
You feel sick.
Unknown command.
Unknown command.
* * * LOW HITPOINT WARNING * * *
You feel sick.
Rupert hits you with an executioner's axe of venom!
You die...

.#P....### ##.#..#.P.##.##.....
.......P.#### #........P...P.....
#...P.PP.P.P###..................
..P##[#PP........................
....#####.##....##......#..P.....
...############..................
P..##.......#...PP....##..#..##.P
..P..>.....<...@P.######..#####..
................@..# #...P# #...
#.P...#.#.........## ###..## ##.#
.......#..P##...P.## #.....# ###
#.P....##.##.#.#...#####..##
[......#P.######....# #...##
##...........##.P.P## ##..#.#
#..##.....P..##....# #....##
...................# ##....###
..#.##...........### #.......####


You could see Rupert (berserk).

Vanquished Creatures
  3 hydras
  A catoblepas (Lair:6)
  6 death yaks (Lair:6)
  A queen ant (Lair:2)
  2 orc knights (Bailey)
  6 elephants (Lair:5)
  2 black mambas
  10 spiny frogs
  A fire drake (Lair:5)
  3 komodo dragons
  3 boulder beetles (Lair:4)
  Sigmund (D:2)
  4 basilisks
  2 wyverns
  54 yaks
  5 hippogriffs
  3 vampire mosquitoes (Lair:4)
  13 wolves
  An insubstantial wisp (Lair:4)
  7 soldier ants (Lair:2)
  9 water moccasins
  2 nagas (Lair:3)
  19 porcupines
  3 sky beasts
  A swamp drake (Lair:4)
  2 ice beasts
  A black bear (Lair:2)
  7 orc warriors
  3 phantoms
  3 ogres
  2 centaurs
  14 crocodiles
  18 giant frogs
  2 scorpions
  4 killer bees (D:7)
  An electric eel (Lair:1)
  A crimson imp (D:8)
  A centaur skeleton (D:4)
  A jelly (D:5)
  5 orc wizards
  4 orc priests
  A hound (D:7)
  2 giant frog skeletons
  11 iguanas
  31 worker ants
  A hell rat (D:8)
  6 sheep (Lair:4)
  A hound zombie (D:5)
  2 hound skeletons
  8 adders
  34 river rats
  A shadow imp (D:6)
  An ooze (D:1)
  An adder zombie (D:7)
  An adder skeleton (D:5)
  5 worms
  4 giant geckos
  32 orcs
  7 giant cockroaches
  6 goblins
  3 hobgoblins
  7 jackals
  6 quokkas
  3 ball pythons
  7 bats
  2 giant gecko skeletons
  6 giant newts
  13 kobolds
  12 rats
  3 fungi
  2 plants
450 creatures vanquished.

Vanquished Creatures (others)
  A boulder beetle (Lair:4)
  5 fulminant prisms
  8 fungi
  6 plants
20 creatures vanquished.

Grand Total: 470 creatures vanquished

Notes
Turn   | Place    | Note
--------------------------------------------------------------
     0 | D:1      | Kidiri the Deep Elf Conjurer began the quest for the Orb.
     0 | D:1      | Reached XP level 1. HP: 10/10 MP: 6/6
   631 | D:1      | Reached XP level 2. HP: 16/16 MP: 5/8
   636 | D:1      | Learned a level 2 spell: Searing Ray
  1481 | D:2      | Reached XP level 3. HP: 20/20 MP: 2/10
  1558 | D:2      | Noticed Sigmund
  1564 | D:2      | Reached skill level 1 in Fighting
  1565 | D:2      | Killed Sigmund
  1565 | D:2      | Reached skill level 1 in Armour
  1565 | D:2      | Reached XP level 4. HP: 16/25 MP: 3/12
  1565 | D:2      | Reached XP level 5. HP: 18/29 MP: 3/14
  1571 | D:2      | Learned a level 3 spell: Dazzling Spray
  1576 | D:2      | Learned a level 4 spell: Iskenderun's Mystic Blast
  1716 | D:2      | Reached skill level 5 in Conjurations
  1744 | D:2      | Found a bloodstained altar of Trog.
  2185 | D:2      | Found a shattered altar of Ashenzari.
  2190 | D:2      | Saw a vision of the Swamp and the Snake Pit.
  2190 | D:2      | Noticed a naga mage
  2190 | D:2      | Noticed a naga
  2190 | D:2      | Noticed a shock serpent
  2190 | D:2      | Noticed a shock serpent
  2190 | D:2      | Noticed a naga ritualist
  2190 | D:2      | Noticed a naga
  2190 | D:2      | Noticed a naga mage
  2190 | D:2      | Noticed an alligator
  2190 | D:2      | Noticed a black mamba
  2190 | D:2      | Noticed a guardian serpent
  2191 | D:2      | Noticed a water moccasin
  2347 | D:2      | Noticed a phantom
  2374 | D:2      | Killed a phantom
  2374 | D:2      | Reached skill level 5 in Stealth
  2374 | D:2      | Reached skill level 5 in Spellcasting
  2374 | D:2      | Reached XP level 6. HP: 29/35 MP: 0/15
  2380 | D:2      | Learned a level 4 spell: Fulminant Prism
  4054 | D:4      | Found a staircase to the Ecumenical Temple.
  4148 | Temple   | Entered the Ecumenical Temple
  4245 | Temple   | Became a worshipper of Vehumet
  4709 | D:4      | Got a heavily jewelled robe
  4720 | D:4      | Identified the cursed +0 robe "Wegu Wuw" {rElec rC- Str+3} (You found it on level 4 of the Dungeon)
  4834 | D:4      | Reached skill level 1 in Hexes
  4974 | D:4      | Reached XP level 7. HP: 33/40 MP: 7/17
  4975 | D:4      | Reached skill level 6 in Spellcasting
  5035 | D:4      | Reached skill level 1 in Short Blades
  5538 | D:5      | Entered Level 5 of the Dungeon
  6166 | D:5      | Reached * piety under Vehumet
  6166 | D:5      | Offered knowledge of Sandblast by Vehumet.
  6190 | D:5      | Learned a level 5 spell: Iskenderun's Battlesphere
  6434 | D:5      | Reached XP level 8. HP: 45/45 MP: 20/20
  6692 | D:5      | Found a burning altar of Makhleb.
  6704 | D:5      | Got a steaming leather armour
  6715 | D:5      | Identified the +3 leather armour of Listlessness {+Blink rCorr} (You found it on level 5 of the Dungeon)
  6806 | D:5      | Learned a level 1 spell: Sandblast
  6952 | D:6      | Found Xen Wera's Food Shop.
  6959 | D:6      | Reached skill level 7 in Spellcasting
  7013 | D:6      | Reached skill level 1 in Charms
  7019 | D:6      | Reached skill level 1 in Evocations
  7368 | D:6      | Found Qeyfer's Weapon Shop.
  7649 | D:6      | Found Hikisim's Gadget Shoppe.
  8181 | D:7      | Reached skill level 1 in Earth Magic
  8334 | D:7      | Reached skill level 5 in Dodging
  8358 | D:7      | Found a flagged portal.
  8365 | Bailey   | Entered a bailey
  8460 | Bailey   | Offered knowledge of Sting by Vehumet.
  8460 | Bailey   | Reached XP level 9. HP: 49/49 MP: 20/22
  8463 | Bailey   | Learned a level 1 spell: Sting
  9042 | Bailey   | Reached ** piety under Vehumet
  9337 | Bailey   | Noticed an orc knight
  9342 | Bailey   | Noticed an orc knight
  9395 | Bailey   | Reached skill level 1 in Poison Magic
  9579 | Bailey   | Killed an orc knight
  9579 | Bailey   | Reached skill level 8 in Spellcasting
  9599 | Bailey   | Got a translucent plate armour
  9713 | Bailey   | Killed an orc knight
  9864 | D:7      | Reached skill level 1 in Shields
 10428 | D:7      | Identified the cursed +0 plate armour of Too Many Cooks {rC+ Dex+4} (You found it in a bailey)
 10679 | D:8      | Reached XP level 10. HP: 29/56 MP: 24/24
 11404 | D:8      | Found a staircase to the Lair.
 11451 | D:8      | Offered knowledge of Ignite Poison by Vehumet.
 11456 | D:8      | Learned a level 3 spell: Ignite Poison
 11781 | Lair:1   | Entered Level 1 of the Lair of Beasts
 11800 | Lair:1   | Noticed a six-headed hydra
 12041 | Lair:1   | Reached *** piety under Vehumet
 12103 | Lair:1   | Reached skill level 9 in Spellcasting
 13313 | Lair:2   | Noticed a spiny frog
 13320 | Lair:2   | Killed a spiny frog
 13320 | Lair:2   | Reached skill level 5 in Charms
 13385 | Lair:2   | Reached skill level 1 in Fire Magic
 13408 | Lair:2   | Reached skill level 1 in Transmutations
 13434 | Lair:2   | Noticed a seven-headed hydra
 13610 | Lair:2   | Offered knowledge of Olgreb's Toxic Radiance by Vehumet.
 13790 | Lair:2   | Noticed a spiny frog
 13806 | Lair:2   | Killed a spiny frog
 14104 | Lair:2   | Reached XP level 11. HP: 60/60 MP: 23/26
 14166 | Lair:2   | Reached **** piety under Vehumet
 14286 | Lair:2   | Learned a level 4 spell: Olgreb's Toxic Radiance
 14292 | Lair:2   | Noticed a queen ant
 14323 | Lair:2   | Killed a queen ant
 14360 | Lair:2   | Offered knowledge of Throw Icicle by Vehumet.
 15140 | Lair:2   | Killed a seven-headed hydra
 15140 | Lair:2   | Reached skill level 5 in Hexes
 15483 | Lair:1   | Killed a six-headed hydra
 15693 | Lair:3   | Reached skill level 10 in Spellcasting
 15999 | Lair:3   | Found a staircase to the Snake Pit.
 16939 | Lair:3   | Reached XP level 12. HP: 62/66 MP: 27/28
 16995 | Lair:3   | Found a blossoming altar of Fedhas.
 17507 | Lair:4   | Learned a level 4 spell: Throw Icicle
 17639 | Lair:4   | Reached skill level 1 in Ice Magic
 18413 | Lair:4   | Reached skill level 10 in Stealth
 18689 | Lair:4   | Got a steaming glaive
 18811 | Lair:4   | Reached ***** piety under Vehumet
 18812 | Lair:4   | Offered knowledge of Poisonous Cloud by Vehumet.
 20234 | Lair:5   | Gained mutation: You are covered in fur (AC +1). [potion of mutation]
 20234 | Lair:5   | Gained mutation: Your system is resistant to poisons. [potion of mutation]
 20234 | Lair:5   | Gained mutation: You are somewhat resistant to further mutation. [potion of mutation]
 20689 | Lair:5   | Gained mutation: You are resistant to hostile enchantments. [potion of mutation]
 20689 | Lair:5   | Gained mutation: Your body sometimes deteriorates upon taking damage. [potion of mutation]
 20717 | Lair:5   | Reached skill level 11 in Spellcasting
 21234 | Lair:5   | Found an ancient bone altar of Kikubaaqudgha.
 21236 | Lair:5   | Noticed a seven-headed hydra
 21304 | Lair:5   | Killed a seven-headed hydra
 21304 | Lair:5   | Reached skill level 5 in Evocations
 21304 | Lair:5   | Reached XP level 13. HP: 50/72 MP: 27/30
 21847 | Lair:6   | Found a staircase to the Swamp.
 21959 | Lair:6   | Reached skill level 5 in Shields
 22278 | Lair:6   | Offered knowledge of Ozocubu's Refrigeration by Vehumet.
 22535 | Lair:6   | Reached skill level 5 in Earth Magic
 23533 | Lair:6   | Reached skill level 10 in Dodging
 24025 | Lair:7   | Noticed Snorg
 24025 | Lair:7   | Noticed Rupert
 24300 | Lair:6   | HP: 3/72 [poisoned by Rupert]
 24302 | Lair:6   | HP: 1/72 [poisoned by Rupert]
 24302 | Lair:6   | Mangled by Rupert

Vault maps used:
D:1:      eino_arrival_water_star
D:2:      old_standard_altar, grunt_ashenzari_visionary, uniq_sigmund
D:3:      first_bread
D:4:      temple_hall, item_on_display_a
D:5:      lemuel_round_altar
D:6:      serial_shops, shop_statue, kennysheep_mini, nicolae_shop_stone
D:7:      enter_bailey_1, uniq_joseph
D:8:      dpeg_lair_monsters
Temple:   kilobyte_greek_temple_18
Lair:1:   nicolae_quartered_pool_medium, grunt_megastairs_3
Lair:2:   lab_entry_generic, zaba_antful_of_joy
Lair:3:   guppyfry_snake_entry_garden, small_statue_intersection, tgw_fedhas,
          grunt_megastairs_1
Lair:4:   boulder_quad_collide, pond, infiniplex_staircase_pool,
          serial_bayou_shore_b, lemuel_fruit_fields
Lair:5:   basic_altar, minmay_holes
Lair:6:   swamp_mist_pool, beast_lair_carwin_11
Lair:7:   grunt_forest_small_clearing_treed, lemuel_fruit_fields, uniq_snorg,
          uniq_rupert
Bailey:   bailey_polearm_1, bailey

Action                   |  1- 3 |  4- 6 |  7- 9 | 10-12 | 13-15 || total
-------------------------+-------+-------+-------+-------+-------++-------
Melee: Short sword       |     2 |     2 |       |   236 |    58 ||   298
       Dagger            |       |    16 |    28 |       |       ||    44
       Rapier            |       |     2 |       |       |       ||     2
Throw: Throwing net      |       |       |     1 |       |       ||     1
 Cast: Magic Dart        |    46 |   136 |   182 |   224 |     4 ||   592
       Searing Ray       |     2 |     8 |    29 |    10 |       ||    49
       Dazzling Spray    |       |       |    42 |   237 |    30 ||   309
       Fulminant Prism   |       |       |     3 |     2 |       ||     5
       Iskenderun's Myst |       |       |     6 |    18 |    11 ||    35
       Iskenderun's Batt |       |       |     3 |     2 |       ||     5
       Sting             |       |       |       |    64 |       ||    64
       Ignite Poison     |       |       |       |    50 |    24 ||    74
       Olgreb's Toxic Ra |       |       |       |    18 |    10 ||    28
       Throw Icicle      |       |       |       |       |     1 ||     1
Evoke: Wand              |       |       |     1 |       |     4 ||     5
  Use: Scroll            |     1 |     5 |     9 |    18 |     4 ||    37
       Potion            |       |       |       |     9 |     5 ||    14
 Stab: Sleeping          |     2 |     4 |     1 |    14 |     5 ||    26
       Invisible         |       |       |     1 |    21 |     3 ||    25
  Eat: Chunk             |     2 |     8 |     7 |    16 |     3 ||    36
       Bread ration      |       |     1 |     1 |     1 |       ||     3
       Meat ration       |       |       |     1 |     2 |     1 ||     4
       Beef jerky        |       |       |       |     2 |       ||     2
       Fruit             |       |       |       |       |     3 ||     3
